 Dungeon Crawl Stone Soup version 0.22-a0-824-g1ca9aab89c (webtiles) character file.

134 Banto the Sneak (level 5, -1/31 HPs)
             Began as an Octopode Earth Elementalist on July 24, 2018.
             Killed by nerve-wracking pain
             ... invoked by Grinder
              (13 damage)
             ... on level 3 of the Dungeon.
             The game lasted 00:01:54 (2371 turns).

Banto the Sneak (Octopode Earth Elementalist)       Turns: 2371, Time: 00:01:54

Health: -1/31      AC:  1    Str:  8    XL:     5   Next: 17%
Magic:  5/8        EV: 13    Int: 18    God:
Gold:   58         SH:  0    Dex: 12    Spells: 2/8 levels left

rFire    . . .     SeeInvis .   l - +2 dagger (speed)
rCold    . . .     Gourm    .   (no shield)
rNeg     . . .     Faith    .   (helmet restricted)
rPois    .         Spirit   .   (no amulet)
rElec    .         Reflect  .   f - ring of stealth
rCorr    .         Harm     .   (no ring)
MR       .....                  (no ring)
Stlth    +++++.....             (no ring)
HPRegen  0.10/turn              (no ring)
MPRegen  0.11/turn              (no ring)
                                (no ring)
                                (no ring)

@: no status effects
A: almost no armour, stealthy swim, amphibious, 8 rings, constrict 8, camouflage
1, gelatinous body 1
a: no special abilities


You were on level 3 of the Dungeon.
You were not hungry.

You visited 1 branch of the dungeon, and saw 3 of its levels.

You collected 58 gold pieces.

Inventory:

Hand Weapons
 d - a +0 short sword of freezing
 l - a +2 dagger of speed (weapon)
Missiles
 b - 42 stones (quivered)
Jewellery
 f - a ring of stealth (left tentacle)
 k - a +3 ring of protection {unknown}
Scrolls
 a - a scroll of identify {unknown}
 e - a scroll of remove curse {unknown}
 g - a scroll of blinking {unknown}
 h - a scroll of teleportation {unknown}
 n - a scroll of noise {unknown}
Potions
 i - a potion of magic {unknown}
 j - a potion of ambrosia {unknown}
 m - a potion of degeneration {unknown}
Comestibles
 c - 4 rations
 o - 3 chunks of flesh


   Skills:
 + Level 1.4 Short Blades
 - Level 2.0 Dodging
 + Level 4.7 Stealth
 + Level 2.4 Spellcasting
 + Level 1.7 Transmutations
 + Level 4.0 Earth Magic


You had 2 spell levels left.
You knew the following spells:

 Your Spells              Type           Power        Failure   Level  Hunger
a - Sandblast             Erth           ###...       3%          1    #......
b - Passwall              Tmut/Erth      ##......     9%          2    ##.....
c - Stone Arrow           Conj/Erth      #.....       22%         3    ###....

Your spell library contained the following spells:

 Spells                   Type           Power        Failure   Level  Hunger
 Lee's Rapid Deconstruct  Erth           ###.......   67%         5    ######.
 Petrify                  Tmut/Erth      ##......     47%         4    #####..


Dungeon Overview and Level Annotations

Branches:
Dungeon (3/15)

Altars:
Okawaru

Annotations:
D:3 Grinder


Innate Abilities, Weirdness & Mutations

You cannot wear most types of armour.
You are very stealthy in the water. (Stealth+)
You are amphibious.
You can wear up to eight rings at the same time.
You can use your tentacles to constrict eight enemies at once.
Your skin changes colour to match your surroundings (Stealth+).
Your rubbery body absorbs attacks. (AC +1, EV +1)


Message History

Aim: Grinder (heavily wounded, constricted by you)
The blast of sand hits Grinder.
Grinder is almost dead.
b - 43 stones You constrict Grinder.
Grinder gestures at you. Pain shoots through your body!
You take 12 damage, and have 12/31 hp.
MASSIVE DAMAGE!!
You now have 6/8 mp.
Casting: Sandblast (safe; 3% risk of failure)
Confirm with . or Enter, or press ? or * to list all spells.
Aiming: Sandblast (safe; 3% risk of failure)
Press: ? - help, Shift-Dir - straight line, f/p - Grinder
Aim: Grinder (almost dead, constricted by you)
The blast of sand hits Grinder.
Grinder is almost dead.
b - 42 stones You constrict Grinder.
Grinder gestures at you. Pain shoots through your body!
You die...

.##.## .##.# #.#
.##.# #.# .##.###.#
........# .#
..†.....# #.
###.###.# ##.## #
#.# #.# ##...5## #
#.###.# #.. #@## #
#.....# #.#
##.#####.# #
#####.# #.#
#.......#
#######.###.##
##.#######
.............###.##
#############...##
#####


You could see Grinder.

Vanquished Creatures
  Crazy Yiuf (D:2)
  3 gnolls (D:3)
  An adder (D:3)
  2 dart slugs (D:1)
  3 leopard geckos
  2 orcs (D:3)
  8 bats
  7 giant cockroaches
  6 goblins
  8 hobgoblins
  3 jackals (D:1)
  2 kobolds (D:1)
  A quokka (D:3)
  6 frilled lizards
  2 rats
55 creatures vanquished.

Notes
Turn   | Place    | Note
-------+----------+-------------------------------------------
     0 | D:1      | Banto the Octopode Earth Elementalist began the quest for the Orb.
     0 | D:1      | Reached XP level 1. HP: 11/11 MP: 3/3
   235 | D:1      | Reached XP level 2. HP: 14/17 MP: 5/5
   546 | D:1      | Reached XP level 3. HP: 16/21 MP: 6/6
   556 | D:1      | Learned a level 2 spell: Passwall
   560 | D:1      | Learned a level 3 spell: Stone Arrow
  1698 | D:2      | Found a runed door.
  2007 | D:2      | Noticed Crazy Yiuf
  2016 | D:2      | Killed Crazy Yiuf
  2016 | D:2      | Reached skill level 1 in Short Blades
  2016 | D:2      | Reached XP level 4. HP: 27/27 MP: 4/7
  2138 | D:3      | Reached XP level 5. HP: 31/31 MP: 8/8
  2176 | D:3      | Found an iron altar of Okawaru.
  2365 | D:3      | Noticed Grinder
  2371 | D:3      | Killed from afar by Grinder

Vault maps used:
D:1:      grunt_arrival_lava_bath
D:2:      first_ration, uniq_crazy_yiuf_cottage
D:3:      cheibriados_altar_1, old_standard_altar, uniq_grinder

Skill      XL: |  1  2  3  4 |
---------------+-------------+-----
Stealth        | 3 4 |  4.7
Short Blades   | 1 |  1.4
Earth Magic    | 4 |  4.0
Dodging        | |  2.0
Spellcasting   | |  2.4
Transmutations | |  1.7

Action                   |  1- 3 |  4- 6 || total
-------------------------+-------+-------++-------
Melee: Unarmed           |     7 |       ||     7
       Short sword       |    69 |       ||    69
       Tentacles         |    10 |     4 ||    14
       Constrict         |    18 |     5 ||    23
       Dagger            |    11 |    25 ||    36
 Cast: Sandblast         |     9 |     4 ||    13
 Stab: Sleeping          |    11 |     9 ||    20
  Eat: Chunk             |     2 |       ||     2
       Ration            |       |     1 ||     1
Armor: Skin              |    13 |       ||    13
Dodge: Dodged            |    77 |     8 ||    85

Table legend:
 A = Spawn XP
 B = Non-spawn XP
 C = Spawn XP percentage of total XP
 D = Spawn monster count
 E = Non-spawn monster count
 F = Spawn count percentage of total count
 G = Total turns spent on level
                    A         B        C        D         E        F      G
               +---------+---------+-------+---------+---------+-------+---------
         Total |       0 |     192 |   0.0 |       0 |      55 |   0.0 |  2371
               +---------+---------+-------+---------+---------+-------+---------
           D:1 |       0 |      64 |   0.0 |       0 |      33 |   0.0 |  1032
           D:2 |       0 |      54 |   0.0 |       0 |      10 |   0.0 |  1042
           D:3 |       0 |      74 |   0.0 |       0 |      12 |   0.0 |   297
               +---------+---------+-------+---------+---------+-------+---------

Table legend:
 A = Turns spent in this place as a percentage of turns spent in the entire game.
 B = Non-inter-level travel turns spent in this place as a percentage of non-inter-level travel turns spent in the entire game.
 C = Inter-level travel turns spent in this place as a percentage of turns spent in this place.
 D = Turns resting spent in this place as a percentage of non-inter-level travel turns spent in this place.
 E = Turns spent auto-exploring this place as a percentage of non-inter-level travel turns spent in this place.
 F = Non-inter-level travel turns spent in this place divided by the number of levels of this place that you've seen.
                   A       B       C       D       E      F
               +-------+-------+-------+-------+-------+----------------------
         Total | 100.0 | 100.0 |   2.5 |  16.1 |  66.9 | 770.3
       Dungeon | 100.0 | 100.0 |   2.5 |  16.1 |  66.9 | 770.3
               +-------+-------+-------+-------+-------+----------------------

Table legend:
 A = Kills in this place as a percentage of kills in entire the game.
 B = Kills by you in this place as a percentage of kills by you in the entire game.
 C = Kills by friends in this place as a percentage of kills by friends in the entire game.
 D = Other kills in this place as a percentage of other kills in the entire game.
 E = Experience gained in this place as a percentage of experience gained in the entire game.
 F = Experience gained in this place divided by the number of levels of this place that you have seen.
                   A       B       C       D       E      F
               +-------+-------+-------+-------+-------+----------------------
         Total | 100.0 | 100.0 |   N/A |   N/A | 100.0 |  64.0
       Dungeon | 100.0 | 100.0 |   N/A |   N/A | 100.0 |  64.0
               +-------+-------+-------+-------+-------+----------------------
